 Dungeon Crawl Stone Soup version 0.24-a0-583-g87330a4 (webtiles) character file.

Game seed: 5848934669371106377, levelgen mode: deterministic

620 Spazmo the Magician (level 7, -1/36 HPs)
             Began as a Deep Elf Fire Elementalist on Aug 27, 2019.
             Slain by Duvessa
             ... wielding a +0 short sword
              (9 damage)
             ... on level 4 of the Dungeon on Aug 28, 2019.
             The game lasted 00:09:43 (3971 turns).

Spazmo the Magician (Deep Elf Fire Elementalist)    Turns: 3971, Time: 00:09:43

Health: -1/36      AC:  4    Str:  5    XL:     7   Next: 22%
Magic:  3/18       EV: 13    Int: 22    God:
Gold:   204        SH:  0    Dex: 15    Spells: 4/19 levels left

rFire    . . .     SeeInvis +   j - +0 dagger
rCold    . . .     Gourm    .   (no shield)
rNeg     . . .     Faith    .   a - +0 robe
rPois    .         Spirit   .   (no helmet)
rElec    .         Reflect  .   (no cloak)
rCorr    .         Harm     .   (no gloves)
MR       .....                  g - +1 pair of boots
Stlth    +++.......             (no amulet)
HPRegen  0.12/turn              b - ring of see invisible
MPRegen  0.16/turn              k - ring of stealth

@: no status effects
A: no striking features
a: no special abilities


You were on level 4 of the Dungeon.
You were not hungry.

You visited 1 branch of the dungeon, and saw 4 of its levels.

You collected 204 gold pieces.

Inventory:

Hand Weapons
 j - a +0 dagger (weapon)
Missiles
 d - 126 stones (quivered)
Armour
 a - a +0 robe (worn)
 g - a +1 pair of boots (worn)
Jewellery
 b - a ring of see invisible (left hand)
 i - a +3 ring of intelligence
 k - a ring of stealth (right hand)
Wands
 m - a wand of paralysis (4)
Scrolls
 h - 2 scrolls of teleportation
 o - 5 scrolls of identify
 q - a scroll of enchant armour
Potions
 e - a potion of haste
 f - a potion of invisibility
 p - a potion of lignification {unknown}
 r - a potion of might {unknown}
 t - a potion of cancellation
Comestibles
 c - 5 rations
 l - 11 chunks of flesh


   Skills:
 - Level 2.4 Dodging
 - Level 2.4 Stealth
 + Level 6.5 Spellcasting
 + Level 4.9 Conjurations
 + Level 5.9 Fire Magic


You had 4 spell levels left.
You knew the following spells:

 Your Spells              Type           Power        Failure   Level  Hunger
a - Flame Tongue          Conj/Fire      ####.        1%          1    None
b - Throw Flame           Conj/Fire      ####..       1%          2    None
c - Conjure Flame         Conj/Fire      ####....     2%          3    #......
d - Sticky Flame          Conj/Fire      ####....     9%          4    ###....
e - Fireball              Conj/Fire      ####......   26%         5    #####..

Your spell library contained the following spells:

 Spells                   Type           Power        Failure   Level  Hunger
 Inner Flame              Hex/Fire       ###.....     8%          3    #......


Dungeon Overview and Level Annotations

Branches:
Dungeon (4/15)
 Temple: D:4-7

Altars:
Elyvilon
Hepliaklqana
Makhleb
Ru
Uskayaw

Annotations:
D:4 Duvessa


Message History

Aiming: Sticky Flame (safe; 9% risk of failure)
Press: ? - help, Shift-Dir - straight line, f/p - Duvessa
Aim: Duvessa, wielding a +0 short sword and wearing a +0 ring mail (flame, moderately wounded, berserk, fast, unusually strong)
The sticky flame hits Duvessa but does no damage.
Duvessa is moderately wounded.
Duvessa is covered in liquid flames!
Duvessa burns!
Duvessa is engulfed in blazing flames.
Duvessa hits you with a +0 short sword!
Unknown command.
Duvessa burns!
Duvessa is engulfed in blazing flames.
Duvessa hits you with a +0 short sword!
* * * LOW HITPOINT WARNING * * *
Casting: Sticky Flame (safe; 9% risk of failure)
Confirm with . or Enter, or press ? or * to list all spells.
Aiming: Flame Tongue (safe; 1% risk of failure)
Press: ? - help, Shift-Dir - straight line, f/p - Duvessa
Aim: Duvessa, wielding a +0 short sword and wearing a +0 ring mail (almost dead, berserk, fast, unusually strong, covered in liquid flames)
The flame tongue hits Duvessa.
Duvessa is almost dead.
Duvessa burns!
Duvessa hits you with a +0 short sword!
You die...

##.#####<.##.##
#........####.#
#.#..#...###.##
....#.....#[#
#.##....##..#
#.......##..# #
##.##.#.##..# #
##.###.#.##..# #
#e@..).#.##..# ####
#.ยง#.....#.##..###...
.)..##.......##........
...###
#.....####..###... .#
#.....# ##.# ####
####### #.# #.# #.# #.#
##


You could see Duvessa (berserk).

Vanquished Creatures
  2 ogres (D:4)
  Dowan (D:4)
  A hound (D:2)
  2 orc priests
  2 orc wizards
  A centaur skeleton (D:4)
  A worker ant (D:4)
  2 gnolls
  7 adders
  An adder skeleton (D:4)
  5 worms
  3 dart slugs (D:2)
  3 leopard geckos
  12 orcs
  3 ball pythons
  5 giant cockroaches
  6 goblins
  7 hobgoblins
  12 jackals
  12 bats
  6 frilled lizards
  3 kobolds
  A quokka skeleton (D:4)
  9 rats
107 creatures vanquished.

Notes
Turn   | Place    | Note
-------+----------+-------------------------------------------
     0 | D:1      | Spazmo the Deep Elf Fire Elementalist began the quest for
                  | the Orb.
     0 | D:1      | Reached XP level 1. HP: 10/10 MP: 6/6
   549 | D:1      | Reached XP level 2. HP: 15/15 MP: 5/8
   553 | D:1      | Learned a level 2 spell: Throw Flame
  1179 | D:2      | Found a faded altar of an unknown god.
  1222 | D:2      | Reached XP level 3. HP: 14/19 MP: 3/10
  1227 | D:2      | Learned a level 3 spell: Conjure Flame
  1458 | D:2      | Found a white marble altar of Elyvilon.
  1522 | D:2      | Reached skill level 4 in Spellcasting
  1578 | D:2      | Found a burning altar of Makhleb.
  1581 | D:2      | Reached XP level 4. HP: 24/24 MP: 7/12
  1587 | D:2      | Learned a level 4 spell: Sticky Flame
  2254 | D:3      | Found a hide-covered altar of Uskayaw.
  2256 | D:3      | Found a hazy altar of Hepliaklqana.
  2409 | D:3      | Reached XP level 5. HP: 28/28 MP: 8/14
  2435 | D:3      | Found a sacrificial altar of Ru.
  2477 | D:3      | Reached skill level 5 in Spellcasting
  3074 | D:3      | HP: 1/28 [gnoll/+0 spear (4)]
  3083 | D:3      | Reached skill level 5 in Fire Magic
  3143 | D:4      | Noticed Duvessa
  3143 | D:4      | Noticed Dowan
  3348 | D:4      | Reached XP level 6. HP: 32/32 MP: 8/16
  3358 | D:4      | Learned a level 5 spell: Fireball
  3830 | D:4      | Reached skill level 6 in Spellcasting
  3916 | D:4      | Reached XP level 7. HP: 36/36 MP: 11/18
  3966 | D:4      | Killed Dowan
  3971 | D:4      | Slain by Duvessa

Levels and vault maps discovered:
D:1:      dpeg_arrival_stone_temple_mockup, layout_loops_corners
D:2:      minmay_chambers_of_twos, layout_loops_ring,
          makhleb_blood_cavern_becter, elyvilon_altar_5,
          chequers_ecumenical_altar_simple, serial_park_tiny_pond
D:3:      layout_loops_ring, chequers_temple_overflow_statue_of_worship,
          nicolae_ru_great_annihilating_truth
D:4:      layout_loops_cross, first_ration, minmay_misc_feat_iff,
          serial_bayou_pond_b, minmay_crystal_room, uniq_duvessa

Skill      XL: |  1  2  3  4  5  6 |
---------------+-------------------+-----
Conjurations   | 2 3 4 |  4.9
Spellcasting   | 4 5 6 |  6.5
Fire Magic     | 4 5 |  5.9
Dodging        | |  2.4
Stealth        | |  2.4

Action                   |  1- 3 |  4- 6 |  7- 9 || total
-------------------------+-------+-------+-------++-------
Melee: Dagger            |     4 |     1 |       ||     5
 Cast: Flame Tongue      |    58 |   146 |     4 ||   208
       Throw Flame       |     6 |    16 |     3 ||    25
       Sticky Flame      |       |     3 |     1 ||     4
       Conjure Flame     |       |       |     1 ||     1
Evoke: Wand              |       |     3 |       ||     3
  Use: Scroll            |     2 |     5 |       ||     7
       Potion            |     1 |     4 |       ||     5
  Eat: Chunk             |     2 |     8 |       ||    10
Armor: Robe              |     4 |    12 |       ||    16
Dodge: Dodged            |    15 |    37 |       ||    52

Table legend:
 A = Non-vault XP
 B = Vault XP
 C = Vault XP percentage of total XP
 D = Non-vault monster count
 E = Vault monster count
 F = Vault count percentage of total count
                 A         B        C        D         E       F
            +---------+---------+-------+---------+---------+-------
      Total |     694 |     192 |  21.7 |      90 |      17 |  15.9
            +---------+---------+-------+---------+---------+-------
        D:1 |      23 |       0 |   0.0 |      15 |       0 |   0.0
        D:2 |      50 |      57 |  53.3 |      18 |       9 |  33.3
        D:3 |     157 |      55 |  25.9 |      32 |       4 |  11.1
        D:4 |     464 |      80 |  14.7 |      25 |       4 |  13.8
            +---------+---------+-------+---------+---------+-------
